 Dungeon Crawl Stone Soup version 0.20.1-1-g8b1a95d (webtiles) character file.

58 Lorindel the Insei (level 4, -1/28 HPs)
             Began as an Octopode Transmuter on July 18, 2017.
             Slain by Terence
             ... wielding a cursed +0 trident
              (8 damage)
             ... on level 3 of the Dungeon.
             The game lasted 00:11:03 (1830 turns).

Lorindel the Insei (Octopode Transmuter)            Turns: 1830, Time: 00:11:04

Health: -1/28      AC:  2    Str:  9    XL:     4   Next: 1%
Magic:  0/7        EV: 20    Int: 16    God:
Gold:   57         SH:  0    Dex: 17    Spells: 3/7 levels left

rFire    . . .     SeeInvis .     - Unarmed
rCold    . . .     Gourm    .   (shield currently unavailable)
rNeg     . . .     Faith    .   (helmet currently unavailable)
rPois    x         Spirit   .   (no amulet)
rElec    .         Reflect  .   (no ring)
rCorr    .         Harm     .   (no ring)
MR       .....                  (no ring)
Stlth    ++........             (no ring)
Regen    0.1/turn               (no ring)
MPRegen  0.1/turn               (no ring)
                                (no ring)
                                (no ring)

@: spider-form (expiring), very slightly contaminated
A: almost no armour, stealthy swim, (amphibious), 8 rings, (constrict 8)
a: End Transformation


You were on level 3 of the Dungeon.
You were not hungry.
You were a venomous arachnid creature.
You visited 1 branch of the dungeon, and saw 3 of its levels.

You collected 57 gold pieces.

Inventory:

Missiles
 a - 12 arrows
Scrolls
 d - a scroll of noise {unknown}
 g - a scroll of enchant armour
Potions
 e - a potion of brilliance
 f - 2 potions of heal wounds
 h - a potion of lignification
 k - a potion of haste {unknown}
Books
 b - a book of Changes

   Spells                             Type                      Level
   a - Beastly Appendage              Transmutation                1
   b - Sticks to Snakes               Transmutation                2
   c - Spider Form                    Transmutation/Poison         3
   d - Ice Form                       Ice/Transmutation            4
   e - Blade Hands                    Transmutation                5
Comestibles
 c - a bread ration
 i - 2 fruits
 j - 2 meat rations
 m - 3 chunks of flesh
 n - a royal jelly


   Skills:
 + Level 1.6 Fighting
 + Level 2.6 Dodging
 + Level 0.8 Stealth
 + Level 3.3 Unarmed Combat
 + Level 2.2 Spellcasting
 + Level 2.7 Transmutations


You had 3 spell levels left.
You knew the following spells:

 Your Spells              Type           Power        Failure   Level  Hunger
a - Beastly Appendage     Tmut           ##....       19%         1    #......
b - Spider Form           Tmut/Pois      #.........   56%         3    ###....


Dungeon Overview and Level Annotations

Branches:
Dungeon (3/15)

Altars:
Cheibriados

Annotations:
D:3 Terence


Innate Abilities, Weirdness & Mutations

You cannot wear most types of armour.
You are very stealthy in the water. (Stealth+)
((You are amphibious.))
You can wear up to eight rings at the same time.
((You can use your tentacles to constrict eight enemies at once.))
((Your skin changes colour to match your surroundings (Stealth+).))
((Your rubbery body absorbs attacks. (AC +1, EV +1)))


Message History

Terence completely misses you.
You barely miss the leopard gecko.
The leopard gecko completely misses you.
You hit the leopard gecko.
The leopard gecko is poisoned.
The leopard gecko is heavily wounded.
Terence hits you from afar with a trident!
The leopard gecko completely misses you.
You hit the leopard gecko.
You kill the leopard gecko!
You have reached level 4!
Terence hits you from afar with a trident.
* * * LOW HITPOINT WARNING * * *
Terence misses you.
You see here a leopard gecko corpse.
You hit Terence but do no damage.
Terence is poisoned.
Terence misses you.
You hit Terence.
Terence looks as sick as possible!
Terence is lightly wounded.
Your transformation is almost over.
Terence hits you with a trident!
You die...

##........♣.♣
#..........♣.
#............
#..........#
#.........#
#.........#
#.........#
#...@######
#...s#
####'########
#..........#
#..........#
#..........#
#..........#
#....).....#
#..........#
###'########


You could see Terence.

Vanquished Creatures
  An adder (D:2)
  4 dart slugs
  A leopard gecko (D:3)
  3 giant cockroaches
  4 goblins
  6 hobgoblins
  3 kobolds
  2 quokkas (D:2)
  A ball python (D:1)
  4 bats
  3 frilled lizards
  6 rats
38 creatures vanquished.

Notes
Turn   | Place    | Note
-------+----------+-------------------------------------------
     0 | D:1      | Lorindel the Octopode Transmuter began the quest for the Orb.
     0 | D:1      | Reached XP level 1. HP: 13/13 MP: 3/3
   118 | D:1      | Reached XP level 2. HP: 10/18 MP: 3/5
   385 | D:1      | Found a snail-covered altar of Cheibriados.
  1100 | D:2      | Reached XP level 3. HP: 18/23 MP: 4/6
  1791 | D:3      | Learned a level 3 spell: Spider Form
  1797 | D:3      | Noticed Terence
  1816 | D:3      | Found a faded altar of an unknown god.
  1827 | D:3      | Reached XP level 4. HP: 11/28 MP: 0/7
  1830 | D:3      | Slain by Terence

Action                   |  1- 3 |  4- 6 || total
-------------------------+-------+-------++-------
Melee: Unarmed           |    77 |     2 ||    79
       Constrict         |    23 |       ||    23
       Tentacles         |    10 |       ||    10
       Kick              |     6 |       ||     6
       Punch             |     1 |       ||     1
 Cast: Beastly Appendage |    14 |       ||    14
       Spider Form       |     1 |       ||     1
  Use: Scroll            |     8 |       ||     8
       Potion            |     1 |       ||     1
 Stab: Sleeping          |     6 |       ||     6
  Eat: Chunk             |     3 |       ||     3
Armor: Skin              |     5 |       ||     5
Dodge: Dodged            |    59 |     2 ||    61
